AoeStats
← 7thSKINS

Enclosed

506613499Analyzed
1v1 RM · 17d ago on Sep 14, 2026· 67m 40s· 2 players
Game mode
Random Map
Map size
Tiny (2 player)
Population
200
Speed
Normal
Resources
Standard
Victory
Conquest
Starting age
Dark Age
Ending age
Imperial Age
RankedLock teamsTeams togetherTeam positionsShared explorationLock speedFull tech treeHidden civsTurbo modeCheats
Victory
Defeat
🇷🇴 Britons · Romania
473
+17
🇮🇳 Lithuanians · India
484
-17
7thSKINS
0:29 Loom
11:54 Feudal Age
11:59 Man-at-Arms
12:50 Town Watch
13:02 Horse Collar
13:11 Double-Bit Axe
14:27 Gold Mining
18:00 Fletching
20:51 Scale Mail Armor
24:53 Castle Age
23:22 Forging
24:29 Scale Barding Armor
25:54 Bodkin Arrow
26:20 Chain Mail Armor
25:33 Elite Skirmisher
26:33 Bow Saw
26:40 Heavy Plow
28:24 Iron Casting
29:37 Stone Mining
30:23 Gold Shaft Mining
30:01 Padded Archer Armor
30:05 Squires
29:51 Gambesons
30:29 Pikeman
30:30 Long Swordsman
31:26 Fervor
31:58 Arson
32:10 Crossbowman
33:08 Leather Archer Armor
35:24 Wheelbarrow
35:46 Ballistics
35:23 Murder Holes
35:39 Fortified Wall
37:14 Masonry
36:55 Guard Tower
41:42 Imperial Age
40:29 Treadmill Crane
43:36 Bracer
44:07 Ring Archer Armor
44:08 Plate Mail Armor
44:39 Blast Furnace
43:05 Halberdier
43:13 Two-Handed Swordsman
44:57 Chemistry
43:43 Arrowslits
45:05 Two-Man Saw
46:35 Keep
46:31 Architecture
46:07 Siege Engineers
46:25 Yeomen
47:20 Elite Longbowman
48:22 Conscription
48:41 Hoardings
49:35 Champion
53:13 Arbalester
65:25 Spies/Treason
Morbid Chrisis
12:00 Feudal Age
13:37 Double-Bit Axe
14:48 Bloodlines
15:27 Scale Barding Armor
15:16 Horse Collar
15:42 Gold Mining
20:45 Castle Age
18:37 Loom
21:51 Husbandry
27:04 Chain Barding Armor
26:37 Pikeman
53:39 Imperial Age
54:21 Capped Ram
58:15 Plate Barding Armor
57:52 Forging
58:12 Cavalier
62:49 Paladin
Connection lost

Rejoining the realm…

Still unreachable

The connection could not be restored.

Session expired

The server has moved on; the page needs a fresh start.